 Dungeon Crawl Stone Soup version 0.23-a0-703-gdf2d5e0 (console) character file.

7 Duffy the Magician (level 1, 0/10 HPs)
             Began as a Deep Elf Wizard on Jan 13, 2019.
             Slain by a gnoll (7 damage)
             ... on level 4 of the Dungeon.
             The game lasted 00:01:05 (860 turns).

Duffy the Magician (Deep Elf Wizard)                 Turns: 860, Time: 00:01:06

Health: 0/10       AC:  2    Str:  4    XL:     1   Next: 91%
Magic:  8/8        EV: 13    Int: 22    God:
Gold:   64         SH:  0    Dex: 13    Spells: 8/9 levels left

rFire    . . .     SeeInvis .   (no weapon)
rCold    . . .     Gourm    .   (no shield)
rNeg     . . .     Faith    .   a - +0 robe
rPois    .         Spirit   .   b - +0 hat
rElec    .         Reflect  .   (no cloak)
rCorr    .         Harm     .   (no gloves)
MR       .....                  (no boots)
Stlth    ++........             (no amulet)
HPRegen  0.03/turn              (no ring)
MPRegen  0.11/turn              (no ring)

@: no status effects
A: no striking features
a: no special abilities


You were on level 4 of the Dungeon.
You were not hungry.

You visited 1 branch of the dungeon, and saw 4 of its levels.

You collected 64 gold pieces.

Inventory:

Armour
 a - a +0 robe (worn)
 b - a +0 hat (worn)
Scrolls
 e - a scroll of identify {unknown}
 f - a scroll of fog {unknown}
Comestibles
 d - 2 rations


   Skills:
 + Level 0.3 Fighting
 + Level 2.6 Dodging
 - Level 2.4 Stealth
 + Level 4.5 Spellcasting
 * Level 1.6 Conjurations
   Level 1.1 Summonings
   Level 1.1 Translocations


You had 8 spell levels left.
You knew the following spells:

 Your Spells              Type           Power        Failure   Level  Hunger
h - Magic Dart            Conj           ##..         5%          1    None

Your spell library contained the following spells:

 Spells                   Type           Power        Failure   Level  Hunger
 Blink                    Tloc           N/A          11%         2    None
 Call Imp                 Summ           #.......     11%         2    None
 Slow                     Hex            #.......     16%         2    None
 Conjure Flame            Conj/Fire      #.......     22%         3    ##.....
 Mephitic Cloud           Conj/Pois/Air  #.......     26%         3    ##.....


Dungeon Overview and Level Annotations

Branches:
Dungeon (4/15)
 Temple: D:4-7

Altars:
Uskayaw
Vehumet
Yredelemnul
The Shining One


Message History

Aim: a gnoll (resting)
The magic dart hits the gnoll.
The gnoll shouts!
A gnoll comes into view. It is wielding a +0 whip.
Casting: Magic Dart (safe; 5% risk of failure)
Confirm with . or Enter, or press ? or * to list all spells.
Aiming: Magic Dart (safe; 5% risk of failure)
Press: ? - help, Shift-Dir - straight line, f/p - gnoll
Aim: a gnoll The magic dart hits the gnoll.
The gnoll is lightly wounded.
The gnoll shouts!
A gnoll comes into view.
A gnoll comes into view.
Found an escape hatch in the ceiling.
The gnoll shouts!
The gnoll hits you. The gnoll hits you!
Ouch! That really hurt!
You die...

#......#
#......#.....#
#.....#......#
##....##.....#
##....##.....#
#...(.##.....###+###
#...<.#.............
#....g#..<..........
#.....#.g..g@#
#...<.#......#
##....##.....#
##....##.....#
#......g.....#
#............#
##....##.....#
#######.....#
......#


You could see 3 gnolls.

Vanquished Creatures
  A hobgoblin (D:2)
  A quokka (D:3)
  2 bats (D:3)
  3 kobolds
  A rat (D:3)
8 creatures vanquished.

Notes
Turn   | Place    | Note
-------+----------+-------------------------------------------
     0 | D:1      | Duffy the Deep Elf Wizard began the quest for the Orb.
     0 | D:1      | Reached XP level 1. HP: 10/10 MP: 7/7
   350 | D:3      | Found a hide-covered altar of Uskayaw.
   359 | D:3      | Found a basalt altar of Yredelemnul.
   466 | D:3      | Found a radiant altar of Vehumet.
   578 | D:3      | Found a glowing golden altar of the Shining One.
   860 | D:4      | Slain by a gnoll

Vault maps used:
D:1:      dpeg_arrival_refuge
D:2:      grunt_dithmenos_smoke, uniq_terence
D:3:      overflow_temple_1_default, led_sif_book,
          grunt_temple_overflow_holy_war, lemuel_doored_altar
D:4:      serial_shops, nicolae_shop_stone, uniq_blork_the_orc

Action                   || total
-------------------------++-------
 Cast: Magic Dart        ||    37
Armor: Robe              ||     1
Dodge: Dodged            ||     8

Table legend:
 A = Non-vault XP
 B = Vault XP
 C = Vault XP percentage of total XP
 D = Non-vault monster count
 E = Vault monster count
 F = Vault count percentage of total count
                 A         B        C        D         E       F
            +---------+---------+-------+---------+---------+-------
      Total |      11 |       0 |   0.0 |       8 |       0 |   0.0
            +---------+---------+-------+---------+---------+-------
        D:1 |       1 |       0 |   0.0 |       1 |       0 |   0.0
        D:2 |       5 |       0 |   0.0 |       3 |       0 |   0.0
        D:3 |       5 |       0 |   0.0 |       4 |       0 |   0.0
            +---------+---------+-------+---------+---------+-------
